 Dungeon Crawl Stone Soup version 0.20.1-1-g8b1a95d (webtiles) character file.

93 Feta the Chiller (level 4, -3/31 HPs)
             Began as a Barachi Ice Elementalist on Sept 14, 2017.
             Killed from afar by an orc wizard (8 damage)
             ... with a puff of flame
             ... on level 3 of the Dungeon.
             The game lasted 00:08:56 (2420 turns).

Feta the Chiller (Barachi Ice Elementalist)         Turns: 2420, Time: 00:08:57

Health: -3/31      AC:  3    Str: 11    XL:     4   Next: 62%
Magic:  5/8        EV: 13    Int: 15    God:
Gold:   215        SH:  0    Dex: 12    Spells: 5/9 levels left

rFire    . . .     SeeInvis .   n - +0 spear
rCold    . . .     Gourm    .   (no shield)
rNeg     . . .     Faith    .   a - +0 robe
rPois    .         Spirit   .   (no helmet)
rElec    .         Reflect  .   (no cloak)
rCorr    .         Harm     .   (no gloves)
MR       .....                  p - +0 pair of boots
Stlth    +.........             (no amulet)
Regen    0.1/turn               (no ring)
MPRegen  0.2/turn               (no ring)

@: confused, slow
A: +LOS, swims, slowness 1, strong legs 1
a: Hop


You were on level 3 of the Dungeon.
You were not hungry.

You visited 1 branch of the dungeon, and saw 3 of its levels.

You collected 215 gold pieces.

Inventory:

Hand Weapons
 n - a +0 spear (weapon)
Missiles
 e - 112 stones (quivered)
 q - 11 bolts
Armour
 a - a +0 robe (worn)
 p - a +0 pair of boots (worn)
Scrolls
 d - 2 scrolls of identify {unknown}
 f - a scroll of recharging {unknown}
 g - a scroll of fear {unknown}
 l - 2 scrolls of teleportation {unknown}
 t - a scroll of remove curse {unknown}
Potions
 j - 2 potions of curing {unknown}
 m - a potion of magic {unknown}
 o - a potion of berserk rage {unknown}
 r - a potion of agility {unknown}
Books
 b - a book of Frost

   Spells                             Type                      Level
   a - Freeze                         Ice                          1
   b - Throw Frost                    Conjuration/Ice              2
   c - Ozocubu's Armour               Charms/Ice                   3
   d - Throw Icicle                   Conjuration/Ice              4
   e - Summon Ice Beast               Ice/Summoning                4
Comestibles
 c - 2 bread rations
 h - a royal jelly
 k - 3 fruits
 s - a meat ration


   Skills:
 + Level 0.5 Fighting
 + Level 2.7 Dodging
 - Level 1.7 Stealth
 + Level 3.0 Spellcasting
   Level 1.1 Conjurations
 + Level 5.2 Ice Magic


You had 5 spell levels left.
You knew the following spells:

 Your Spells              Type           Power        Failure   Level  Hunger
a - Freeze                Ice            ###.         2%          1    #......
b - Ozocubu's Armour      Chrm/Ice       ##......     21%         3    ###....


Dungeon Overview and Level Annotations

Branches:
Dungeon (3/15)

Altars:

Annotations:
D:2 Sigmund


Innate Abilities, Weirdness & Mutations

Shadows flee at your approach. (+LOS)
You can swim through water.
You cover ground slowly.
You can hop short distances.


Message History

* * * LOW HITPOINT WARNING * * *
Casting: Freeze
Confirm with . or Enter, or press ? or * to list all spells.
Aiming: Freeze
Press: ? - help, Shift-Dir - straight line, f/p - orc wizard
Aim: an orc wizard, wielding a dagger of protection and wearing a robe (severely wounded)
You freeze the orc wizard.
The orc wizard is severely wounded.
The orc wizard points at you and mumbles some strange words.
You are confused.
You're too confused to cast spells.
You're too confused!
Unknown command.
You're too confused to cast spells.
You're too confused!
Unknown command.
You bump into the rock wall.
The orc wizard casts a spell at you. The puff of flame hits you!
You die...

♣P♣.≈≈♣♣P♣♣......# #.#
♣♣♣♣≈.♣♣♣♣♣#####.######## #.#
..♣≈.♣♣ #.....o..# #.#
.♣♣♣.≈♣ #.....ooo# #.#
.♣♣P≈♣♣ #........# #.# ..♣≈.♣
#.# #.# ###..###########o#
#.# )..............#o# #.#
####...........#@# #.# #
#............#.# #.# #
#............#'######### #.#
# #.......................
#.# # #.#'#..................
#.# # #.#.#.[.#####..........
#.# # #.#.#....# #PP........
#.# # #.#.#.#..#
#.(PP##########.# #
#.#.#.#..####........##.....#


You could see an orc wizard and an orc.

Vanquished Creatures
  2 adders
  4 worms
  3 dart slugs (D:1)
  2 leopard geckos (D:1)
  6 orcs
  A giant cockroach (D:1)
  5 goblins
  3 hobgoblins
  8 kobolds
  3 frilled lizards (D:1)
  7 rats
44 creatures vanquished.

Vanquished Creatures (others)
  An orc wizard (D:3)
1 creature vanquished.

Grand Total: 45 creatures vanquished

Notes
Turn   | Place    | Note
-------+----------+-------------------------------------------
     0 | D:1      | Feta the Barachi Ice Elementalist began the quest for the Orb.
     0 | D:1      | Reached XP level 1. HP: 13/13 MP: 3/3
    77 | D:1      | Reached skill level 4 in Ice Magic
    97 | D:1      | Reached XP level 2. HP: 10/19 MP: 1/5
   783 | D:1      | Reached XP level 3. HP: 20/24 MP: 6/6
  1091 | D:2      | Learned a level 3 spell: Ozocubu's Armour
  1257 | D:2      | Noticed Sigmund
  1806 | D:3      | Reached XP level 4. HP: 29/31 MP: 8/8
  1854 | D:3      | Reached skill level 5 in Ice Magic
  2420 | D:3      | Killed from afar by an orc wizard

Skill      XL: |  1  2  3  4 |
---------------+-------------+-----
Ice Magic      | 4 5 |  5.2
Spellcasting   | 3 |  3.0
Fighting       | |  0.5
Dodging        | |  2.7
Stealth        | |  1.7
Conjurations   | |  1.1

Action                   |  1- 3 |  4- 6 || total
-------------------------+-------+-------++-------
Melee: Unarmed           |     1 |       ||     1
       Spear             |    78 |    54 ||   132
       Dagger            |    12 |       ||    12
 Cast: Freeze            |    30 |    10 ||    40
 Abil: Hop               |       |     1 ||     1
 Stab: Sleeping          |     2 |     1 ||     3
  Eat: Chunk             |     4 |     2 ||     6
Armor: Robe              |     7 |     7 ||    14
Dodge: Dodged            |    58 |    22 ||    80
